Cogmind - Beta 16.1 @@@ ROGUE MODE // 2026.06.21 @ 16:28:51 Player: Akl Result: Destroyed by G-47 Trooper with Particle Gun Performance ------------- Evolutions (2) 1000 Regions Visited (3) 600 Robots Destroyed (44) 220 Value Destroyed (1201) 1201 Prototype IDs (0) 0 Alien Tech Used (0) 0 Bonus (8) 8 TOTAL SCORE: 3029 Bonus ------- High Alert Combat Kills 8 Cogmind --------- Core Integrity 0/550 Matter 273/300 Energy 92/100 System Corruption 10% Temperature Cool (9) Movement Core (100) Ox1 Location -8/Materials Parts ------- > --- POWER (2) -------- (None) > --- PROPULSION (2) --- (None) > --- UTILITY (5) ------ Melee Analysis Suite > --- WEAPON (2) ------- Heavy Particle Cannon > --- INVENTORY (5) ---- Advanced Heat Sink Beam Rifle Beam Cannon Particle Cannon Particle Cannon Peak State ------------ > --- POWER ------------ Ion Engine Light Angular Momentum Engine > --- PROPULSION ------- Aluminum Leg VSS Leg > --- UTILITY ---------- Improved Heat Sink Small Storage Unit Structural Scanner Visual Processing Unit Reactive Plating > --- WEAPON ----------- Beam Rifle Particle Cannon > --- INVENTORY -------- Heat Sink Heat Sink Beam Rifle Beam Cannon Particle Cannon Heavy Assault Rifle Grenade Launcher [Rating: 25] Favorites ----------- Power Ion Engine Engine Ion Engine Propulsion Aluminum Leg Treads Armored Treads Leg Aluminum Leg Wheel Wheel Utility Small Storage Unit Device Heat Sink Storage Small Storage Unit Processor Visual Processing Unit Protection Reactive Plating Weapon Beam Rifle Energy Gun Beam Rifle Energy Cannon Particle Cannon Ballistic Gun Assault Rifle Ballistic Cannon Light Cannon Launcher Grenade Launcher Build | -11 -10 -9 -8 ------- Run | Yrd Mat Mat Mat Slots Evolved 4 | . . 2 2 Power 1 | . . . 1 Propulsion . | . . . . Utility 3 | . . 2 1 Weapon . | . . . . Parts Attached 50 | 6 10 22 12 Power 8 | 1 3 2 2 Engine 8 | 1 3 2 2 Core . | . . . . Reactor . | . . . . Propulsion 13 | 2 3 5 3 Treads 1 | . . . 1 Leg 10 | . 3 5 2 Wheel 2 | 2 . . . Hover . | . . . . Flight . | . . . . Utility 16 | 1 2 8 5 Device 7 | . 1 5 1 Storage 2 | 1 . 1 . Processor 5 | . 1 1 3 Hackware . | . . . . Protection 2 | . . 1 1 Artifact . | . . . . Weapon 13 | 2 2 7 2 Energy Gun 5 | 1 1 3 . Energy Cannon 3 | . . 2 1 Ballistic Gun 3 | 1 . 1 1 Ballistic Cannon 1 | . 1 . . Launcher 1 | . . 1 . Special Weapon . | . . . . Impact Weapon . | . . . . Slashing Weapon . | . . . . Piercing Weapon . | . . . . Special Melee Weapon . | . . . . Unidentified Prototypes . | . . . . Parts Lost 17 | . . 3 14 Power 2 | . . . 2 Propulsion 3 | . . . 3 Utility 10 | . . 3 7 Weapon 2 | . . . 2 Highest Loss Streak 14 | . . 1 14 To Critical Strikes . | . . . . Average Backups 5 | 2 6 4 6 Power . | . 1 . . Propulsion . | 1 1 . . Utility . | . 1 . 1 Weapon 3 | . 2 2 4 Tool/Special . | . . . . Unused Backups 7 | . 4 . 3 Power . | . . . . Propulsion 2 | . 2 . . Utility 3 | . 1 . 2 Weapon 2 | . 1 . 1 Tool/Special . | . . . . Average Slot Usage (%) 92 | . 97 96 83 Engine 11 | . 14 11 12 Leg 20 | . 23 22 15 Device 15 | . 1 18 16 Storage 10 | . 14 11 7 Processor 9 | . 10 9 8 Protection 3 | . . 2 5 Energy Gun 14 | . 14 17 8 Energy Cannon 3 | . . 1 7 Ballistic Cannon 2 | . 12 . . Peak Build Rating 25 | 6 8 13 25 Average Rating 12 | 3 7 11 16 On Entrance 6 | . 6 8 13 Avg Prop Armor Cover (%) . | . . . . Naked Turns . | . . . . Heaviest Build 38 | 13 15 24 38 Greatest Support 26 | 26 26 20 22 Greatest Overweight (x) 1 | . 1 1 1 Average Overweight (x) . | . . . . Largest Inventory Capacity 8 | 8 8 8 8 Average Capacity 7 | 6 8 8 7 Most Carried 8 | 6 8 7 8 Average Carried 5 | 2 6 4 6 Final Capacity 8 | 8 8 8 5 Final Carried 7 | 6 5 7 5 Class Distribution -------------------- 61% | Scavenger-Mutant 38% | Mutant Dominant Class ---------------- Mutant | -10/Materials Scavenger-Mutant | -9/Materials Scavenger-Mutant | -8/Materials Resources | -11 -10 -9 -8 ----------- Run | Yrd Mat Mat Mat Matter Collected 851 | 170 61 525 95 Remotely . | . . . . Salvage Created 1357 | . 44 1045 268 Parts 106 | . 7 75 24 Haulers Intercepted . | . . . . Recyclers Shooed 1 | . . . 1 Parts Field Recycled . | . . . . Retrieved Matter . | . . . . Parts Self-Destructed . | . . . . Prevented . | . . . . Parts Restored . | . . . . Kills | -11 -10 -9 -8 ------- Run | Yrd Mat Mat Mat Combat Hostiles Destroyed 39 | . 4 27 8 Guns 21 | . 1 16 4 Cannons 8 | . 3 1 4 AOE 9 | . . 9 . Classes Destroyed 9 | . 2 6 1 Tunneler 1 | . . 1 . Recycler 2 | . . 2 . Operator 1 | . . . 1 Watcher 1 | . . 1 . Swarmer 13 | . 3 6 4 Grunt 18 | . 1 14 3 Brawler 1 | . . 1 . Duelist 1 | . . 1 . Sentry 6 | . . 5 1 Best Kill Streak 14 | . 4 14 3 Combat Bots Only 10 | . 4 10 3 Max Kills in Single Turn 3 | . 1 3 1 Gunslinging . | . . . . Exploded 3 | . . 3 . Melee . | . . . . Uniques/NPCs Destroyed . | . . . . Combat | -11 -10 -9 -8 -------- Run | Yrd Mat Mat Mat Hostile Shots Fired 346 | . 42 94 210 Missed 98 | . 9 27 62 Hits 248 | . 33 67 148 Melee 15 | . . 6 9 Projectile 233 | . 33 61 139 Critical Strikes 10 | . . 6 4 Damage Taken 3227 | . 317 882 2028 Core 820 | . 65 191 564 Absorbed by Shields . | . . . . Ignored by Resistances 40 | . . . 40 Regen/Repaired (Parts) 24 | . . 24 . Core Remaining (%) 75 | 100 74 52 . Volleys Fired 102 | . 9 63 30 Largest 2 | . 2 2 2 Hottest 124 | . 70 116 124 Shots Fired 178 | . 18 111 49 Gun 123 | . 9 89 25 Cannon 40 | . 9 7 24 Launcher 15 | . . 15 . Special . | . . . . Kinetic 16 | . 9 1 6 Thermal 147 | . 9 95 43 Explosive 15 | . . 15 . Electromagnetic . | . . . . Robot Hit Streak 8 | . 6 8 6 Robot Miss Streak 6 | . 3 4 6 Penetration Max . | . . . . Secondary Targets . | . . . . Shots Hit Robots 97 | . 11 60 26 Core Hits 73 | . 5 52 16 Critical Kills . | . . . . Critical Parts Destroyed . | . . . . Critical Strikes 6 | . . 3 3 Burn 6 | . . 3 3 Melee Attacks . | . . . . Impact . | . . . . Slashing . | . . . . Piercing . | . . . . Sneak Attacks . | . . . . Combat Hostiles . | . . . . Follow-up Attacks . | . . . . Damage Inflicted 2520 | . 180 1804 536 Guns 1131 | . 77 824 230 Cannons 473 | . 103 72 298 Explosions 908 | . . 908 . Melee . | . . . . Ramming 8 | . . . 8 Kinetic 173 | . 103 12 58 Thermal 1431 | . 77 884 470 Explosive 908 | . . 908 . Electromagnetic . | . . . . Impact . | . . . . Slashing . | . . . . Piercing . | . . . . Highest Corruption 10 | . . 5 10 Average Corruption 3 | . . 4 2 Corruption Purged . | . . . . Corruption Blocked . | . . . . Effects 7 | . . 5 2 Matter Fused 3 | . . 3 . Energy Discharges 2 | . . 1 1 Data Loss (major) 2 | . . 1 1 Overload Shots . | . . . . Overflow Damage 5 | . . . 5 Projectiles 5 | . . . 5 Explosions . | . . . . Melee . | . . . . Knockbacks 1 | . 1 . . Impact . | . . . . Kinetic 1 | . 1 . . Secondary . | . . . . Self-Inflicted Damage 45 | . . 42 3 Shots 2 | . . 2 . Rammed 2 | . . . 2 Targets Rammed 2 | . . . 2 Kicked . | . . . . Crushed . | . . . . Highest Temperature 413 | . 96 413 180 Average Temperature 88 | . 48 104 65 Received Heat Transfer 1074 | . 42 222 810 Effects 1 | . . 1 . Shutdowns 1 | . . 1 . Siege Activations . | . . . . Martial Activations . | . . . . Shielding Activations . | . . . . Robots Disrupted . | . . . . Combat Hostiles . | . . . . Robots Corrupted . | . . . . Combat Hostiles . | . . . . Parts Fried . | . . . . Impact Corruptions . | . . . . Robots Melted 1 | . . 1 . Combat Hostiles 1 | . . 1 . Parts Melted 5 | . . 3 2 Heat Transferred 3801 | . 175 2442 1184 Parts Sabotaged . | . . . . Parts Stolen . | . . . . Parts Stripped . | . . . . Power Chain Reactions . | . . . . Alert | -11 -10 -9 -8 ------- Run | Yrd Mat Mat Mat Maximum Alert Level 2 | . . 2 . Low Security (%) 60 | 100 100 21 100 Level 1 38 | . . 76 . Level 2 1 | . . 2 . Level 3 . | . . . . Level 4 . | . . . . Level 5 . | . . . . High Security . | . . . . Max Security . | . . . . Peak Influence 408 | . 80 408 148 Initial 148 | . . . 148 Average 178 | . 24 290 92 Influence Increases 1069 | . 90 755 224 Destroy 0b10 Robot/C 780 | . 80 540 160 Destroy 0b10 Robot/NC 25 | . . 20 5 Destroy Leader 172 | . 10 122 40 Successful Hack 5 | . . 5 . Destroy Structure 57 | . . 53 4 Lose Combat Pursuer 30 | . . 15 15 Influence Decreases 1069 | . 90 402 577 Entered New Map 205 | . . . 205 Time Decay 716 | . 90 372 254 Lost Part 148 | . . 30 118 Squads Dispatched 5 | . . 5 . Investigation 3 | . . 3 . Extermination . | . . . . Reinforcement 2 | . . 2 . Assault . | . . . . Garrison . | . . . . Intercept . | . . . . Searches Triggered . | . . . . Construction Impeded . | . . . . Haulers Reinforced . | . . . . Active Scanning Responses . | . . . . Cargo Convoy Interrupts . | . . . . Stealth | -11 -10 -9 -8 --------- Run | Yrd Mat Mat Mat Distress Signals 8 | . . 5 3 Communications Jammed . | . . . . Distress Signals . | . . . . Times Spotted 62 | . 6 33 23 Peak Tracking Total 10 | . 4 6 10 Tactical Retreats 2 | . . 1 1 Traps | -11 -10 -9 -8 ------- Run | Yrd Mat Mat Mat Traps Triggered 2 | . 1 1 . Indirectly . | . . . . Trap Hack Attempts . | . . . . Triggered . | . . . . Disarmed . | . . . . Reprogrammed . | . . . . Reused . | . . . . Traps Extracted . | . . . . Installed . | . . . . Triggered . | . . . . Machines | -11 -10 -9 -8 ---------- Run | Yrd Mat Mat Mat Machines Disabled . | . . . . Max in Single Turn . | . . . . Machines Repaired . | . . . . Machines Dismantled . | . . . . Machines Sabotaged . | . . . . Overloaded Fab Kills . | . . . . Hacking | -11 -10 -9 -8 --------- Run | Yrd Mat Mat Mat Machines Accessed 5 | . . 5 . Terminals 2 | . . 2 . Fabricators . | . . . . Repair Stations 1 | . . 1 . Recycling Units . | . . . . Scanalyzers 2 | . . 2 . Garrison Access . | . . . . Total Hacks 14 | . . 14 . Successful 13 | . . 13 . Failed 1 | . . 1 . Catastrophic . | . . . . Database Lockouts . | . . . . Manual . | . . . . Terminals 5 | . . 5 . Fabricators . | . . . . Repair Stations 3 | . . 3 . Recycling Units . | . . . . Scanalyzers 6 | . . 6 . Garrison Access . | . . . . Terminal Hacks 5 | . . 5 . Record 2 | . . 2 . Emergency Access Points 1 | . . 1 . Alert Level 1 | . . 1 . Locate Traps 1 | . . 1 . Fabricator Hacks . | . . . . Repair Station Hacks 2 | . . 2 . Scan Component 1 | . . 1 . Repair 1 | . . 1 . Recycling Unit Hacks . | . . . . Scanalyzer 6 | . . 6 . Insert Component 4 | . . 4 . Analyze 2 | . . 2 . Garrison Access Hacks . | . . . . Unauthorized Hacks . | . . . . Terminals . | . . . . Fabricators . | . . . . Repair Stations . | . . . . Recycling Units . | . . . . Scanalyzers . | . . . . Garrison Access . | . . . . Data Cores Recovered . | . . . . Used . | . . . . Hacking Detections 4 | . . 4 . Full Trace Events 3 | . . 3 . Feedback Events . | . . . . Feedback Blocked . | . . . . Robot Schematics Acquired . | . . . . Robots Built . | . . . . Authchips . | . . . . Time . | . . . . Total Robot Build Rating . | . . . . Part Schematics Acquired 2 | . . 2 . Parts Built . | . . . . Authchips . | . . . . Time . | . . . . Total Part Build Rating . | . . . . Part Studies Acquired . | . . . . Parts Repaired 1 | . . 1 . Time 26 | . . 26 . Parts Recycled . | . . . . Recycled Matter . | . . . . Retrieved Matter . | . . . . Retrieved Components . | . . . . Parts Scanalyzed 2 | . . 2 . Part Schematics Acquired 2 | . . 2 . Parts Damaged . | . . . . Bothacking | -11 -10 -9 -8 ------------ Run | Yrd Mat Mat Mat Used RIF Installer . | . . . . Robots Hacked . | . . . . Non-combat . | . . . . Combat . | . . . . Robot Hacks Applied . | . . . . Relay Couplers Released . | . . . . Fabnet Peak Effective % . | . . . . Robots Rewired . | . . . . Allies Hacked . | . . . . Hacks Repelled . | . . . . Allies | -11 -10 -9 -8 -------- Run | Yrd Mat Mat Mat Total Allies . | . . . . Largest Group . | . . . . Highest-Rated Group . | . . . . Highest-Rated Ally . | . . . . Total Orders . | . . . . Ally Attacks . | . . . . Total Damage . | . . . . Kills . | . . . . Allies Corrupted . | . . . . Allies Melted . | . . . . Intel | -11 -10 -9 -8 ------- Run | Yrd Mat Mat Mat Active Infowar (turns) 1414 | . 18 939 457 Optics 1081 | . . 624 457 Structural 928 | . . 473 455 Seismic 331 | . 18 313 . Robot Analysis Total . | . . . . Derelict Logs Recovered . | . . . . Drone Launches . | . . . . Drone Recoveries . | . . . . Exploration | -11 -10 -9 -8 ------------- Run | Yrd Mat Mat Mat Turns Passed 1856 | 79 270 939 568 Spaces Moved 1099 | 82 183 528 306 Core 63 | 31 . . 32 Treads 10 | . . . 10 Legs 940 | . 148 528 264 Wheels 86 | 51 35 . . Hover . | . . . . Flight . | . . . . Fastest Speed 50 | 50 90 120 50 Average Speed 129 | 74 114 129 151 Slowest Speed 190 | 90 190 190 190 Overloaded Moves . | . . . . Propulsion Burnouts . | . . . . Robots Hopped . | . . . . Potential Cave-ins . | . . . . Cave-ins Triggered . | . . . . Exploration Rate (%) 39 | 5 49 66 36 Regions Visited 3 Branch Regions . Pre-discovered Areas . | . . . . Known Exits Taken . | . . . . Unknown Exits Taken 3 | 1 1 1 . Scrap Searched . | . . . . Spaces Dug . | . . . . Terrain Destroyed 59 | . . 57 2 Melee . | . . . . Projectile 2 | . . . 2 AOE 57 | . . 57 . Terrain Rammed . | . . . . Walls Destroyed . | . . . . Machines Disabled . | . . . . Actions | -11 -10 -9 -8 --------- Run | Yrd Mat Mat Mat Total 1353 | 98 228 671 356 Wait 38 | 1 2 35 . Move 1096 | 81 182 527 306 Hop . | . . . . Pick Up 31 | 10 11 9 1 Fast Attach 15 | 2 1 6 6 Attach 10 | 4 1 4 1 Detach . | . . . . Swap 27 | . 8 13 6 Drop 32 | . 14 14 4 Fire 102 | . 9 63 30 Melee . | . . . . Ram 2 | . . . 2 Kick . | . . . . Crush . | . . . . Escape Stasis . | . . . . Rewire . | . . . . Trap . | . . . . Miscellaneous . | . . . . Route ------- -11/Scrapyard -10/Materials -9/Materials (discovered 5 exits: *Mat x3 / [*Min x2]) -8/Materials History --------- Turn | Location | Event 3 | -11/Scrapyard | Discovered new exit (range 16) 80 | -11/Scrapyard | Entered Materials 272 | -10/Materials | Discovered new exit (range 16) 307 | -10/Materials | Build established: Mutant 350 | -10/Materials | Entered another Materials area 350 | -9/Materials | Evolved 2 slots: Utility x2 605 | -9/Materials | Destroyed 10 combat bots 606 | -9/Materials | Discovered new exit (range 7) 812 | -9/Materials | Discovered new exit (range 11) 854 | -9/Materials | Discovered new exit (range 9) 905 | -9/Materials | Build established: Scavenger-Mutant 1007 | -9/Materials | Discovered new exit (range 11) 1163 | -9/Materials | Repaired Grenade Launcher 1264 | -9/Materials | Discovered new exit (range 18) 1289 | -9/Materials | Entered another Materials area 1289 | -8/Materials | Evolved 2 slots: Power x1, Utility x1 1795 | -8/Materials | Core integrity fell below 50% 1847 | -8/Materials | Core integrity fell below 20% 1851 | -8/Materials | System corruption reached 10% 1857 | -8/Materials | Destroyed by G-47 Trooper with Particle Gun Last Messages --------------- 01831_ Imp. Heat Sink destroyed. 01833_ Acquired Hvy. Particle Cannon. 01834_ S-10 Pest destroyed. 01836_ Destroyed Flight Unit. 01837_ K-01 Serf collects debris. 01841_ R-06 Scavenger collects Lgt. Ion Engine. 01846_ R-06 Scavenger collects Flight Unit. 01848_ S-10 Pest suffers critical hit (Burn). 01848_ S-10 Pest destroyed. 01848_ Arm. Treads destroyed. 01849_ R-06 Scavenger collects Flight Unit. 01850_ Melee Analysis Suite destroyed. 01850_ Adv. Targeting Computer destroyed. 01850_ System corrupted by crushing effect (+3). 01850_ System corrupted by crushing effect (+5). 01850_ Slammed into G-47 Trooper. 01851_ Slammed into R-06 Scavenger. 01853_ U-05 Engineer builds a Wall. 01854_ System corrupted: Substantial component data lost. Map ----- +----------------------------------------------------+ | ?????????????????????????????????????????????????? | | ?????????????????????????????????????????????????? | | ?????????????????????????????????????????????????? | | ?????????????????????????????????????????????????? | | ?????????????????????????????????????????????????? | | ?????????????????????????????????????????????????? | | ?????????????????????????????????????????????????? | | ?????????????????????????????????????????????????? | | ?????????????????????????????????????????????????? | | ?????????????????????????????????????????????????? | | ????????????????????????? ??????????????????????? | | ????????????????????????? ??????????????????????? | | ???????????????????????"" ??????????????????????? | | ???????????????????????"" #?????????????????????? | | ??????????????????? ???? #######???######??????? | | ??????????????????? ?? # #?? ?????? | | ???????????????????" """ # !#? ?????? | | ???????????????????" """ # # #???? | | ??????????????????"" """ k# ] %# #???? | | ????????????????? w# *+ #???? | | ????????????????? # % # #???? | | ?????????????????""" """ # # #???? | | ???????????????? """ """ ###b######s#########??? | | ??????????? " """ """ ugr r ??? | | ?????????? g ??? | | ?????????? @ u ??? | | ??????????????####+############ ###########????? | | ???????????????????????# ??# #??????????????? | | ???????????????????????# # #??????????????? | | ???????????????????????# """ + #??????????????? | | ???????????????????????# """ # ############???? | | ???????????????????????# """??# ############???? | | ???????????????????????# ????# #! ##???? | | ???????????????????????#??????#% # ##???? | | ?????????????????????????????## # ##???? | | ????????????????????########### # """ ##???? | | ????????????????????# """ """ / + "" """ ##???? | | ????????????????????# """ """ # # "Y """ ##???? | | ????????????????????# """ """ #^^ # "" ###### | | ????????????????????# # # ###### | | ????????????????????# ! ] # #####+##+##### | | ????????????????????# # #####% % ##### | | ????????????????????# / # ##### ##### | | ????????????????????# # | | ????????????????????########### | | ????????????????????????????? # | | ????????????????????????????? # % | | ????????????????????????????? # ############## | | ????????????????????????????? # # #### | | ????????????????????????????? # #???????????## | +----------------------------------------------------+ Best States ------------- Heat Dissipation 48 Energy Generation 23 Energy Capacity 400 Matter Stores 300 Matter Capacity 300 Sight Range 18 Terrain Scan Density 10 Armor Coverage 225 Resistance: KI 20 Evasion (%) 55 Targeting Accuracy 8 Melee Accuracy 10 Recoil Reduction 1 Item Schematics ----------------- Aluminum Leg | -9/Materials | Scanalyzed Grenade Launcher | -9/Materials | Scanalyzed Robot Schematics ------------------ None Fabricated ------------ Nothing Repaired ---------- Grenade Launcher | 60% | -9/Materials Studied --------- None Alien Tech Used ----------------- None Achievements -------------- Part-time Mechanic Sprinter Challenges ------------ None Game ------ Seed MetaDisintegrationLance Manual? 0 Play Time 00:35:01 Cumulative 2.6 hours Start 2026.06.21 @ 15:53:33 End 2026.06.21 @ 16:28:51 Sessions 1 Manual Loads 0 Difficulty Rogue Special Mode None Game No. 5 Rogue 5 Adventurer 0 Explorer 0 Win Type - Total 0 Types 0/0/0/0/0/0/0/0/0/0 Lore% 1 Gallery% 5 Achievement% 5 Wizard Run 0 Options --------- Layout 1 ASCII 1 Keyboard 0 Movement Numpad Keybinds 0 Fullscreen 1 Font 24/Smallcaps Map View 50x35 Zoom Use 21% Tactical HUD 1 Map Filters NONE Filters NONE Steam 1 RUN: 76e5e3e1-98ee-4821-b79d-a4458afdd7ce